 Dungeon Crawl Stone Soup version 0.29-a0-2-g12fcac58f8 (webtiles) character file.

Game seed: 7754341684218195281

1122 Universalshroom the Covered (level 8, -6/68 HPs)
             Began as a Minotaur Fighter on Jan 26, 2022.
             Mangled by an ogre (8 damage)
             ... on level 6 of the Dungeon.
             The game lasted 00:26:30 (5272 turns).

Universalshroom the Covered (Minotaur Fighter)      Turns: 5272, Time: 00:26:31

Health: -6/68      AC: 13    Str: 29    XL:     8   Next: 12%
Magic:  7/7        EV:  9    Int:  5    God:
Gold:   187        SH:  0    Dex: 10    Spells: 7/7 levels left

rFire   . . .      SeeInvis .   o - +0 scythe
rCold   . . .      Faith    .   (shield currently unavailable)
rNeg    . . .      Spirit   .   h - +0 chain mail
rPois   .          Reflect  .   (helmet restricted)
rElec   .          Harm     .   (no cloak)
rCorr   .          Rampage  .   i - +0 pair of gloves
Will    .....                   k - +0 pair of boots
Stlth   ..........              (no amulet)
HPRegen 0.21/turn               r - +6 ring of strength
MPRegen 0.10/turn               (no ring)

@: no status effects
A: horns 2, retaliatory headbutt
a: no special abilities


You were on level 6 of the Dungeon.
You visited 1 branch of the dungeon, and saw 6 of its levels.

You collected 187 gold pieces.

Inventory:

Hand Weapons
 a - a +0 war axe
 j - a +0 club
 l - a +0 mace
 o - a +0 scythe (weapon)
Missiles
 e - 5 javelins (quivered)
Armour
 b - a +0 scale mail
 c - a +0 buckler
 f - a +0 robe
 g - a +0 scale mail
 h - a +0 chain mail (worn)
 i - a +0 pair of gloves (worn)
 k - a +0 pair of boots (worn)
 m - a +0 leather armour
 p - a +0 robe
Jewellery
 r - a +6 ring of strength (left hand)
Wands
 n - a wand of polymorph (2)
Scrolls
 s - a scroll of fear {unknown}
 t - a scroll of teleportation
Potions
 d - 3 potions of might
 q - a potion of mutation {unknown}
 u - a potion of heal wounds {unknown}


   Skills:
 + Level 5.3 Fighting
 + Level 6.6(7.1) Axes
 + Level 3.7(5.7) Polearms
 + Level 7.3 Armour
 + Level 1.6 Dodging
 + Level 1.6 Stealth
 + Level 4.6 Shields


You had 7 spell levels left.
You didn't know any spells.
Your spell library contained the following spells:

 Spells                   Type           Power      Damage    Failure   Level
 Sting                    Tmut/Pois      0%         1d3       94%         1
 Poisonous Vapours        Pois/Air       0%         N/A       98%         2
 Olgreb's Toxic Radiance  Pois           0%         N/A       100%        4


Dungeon Overview and Level Annotations

Branches:
Dungeon (6/15)
 Temple: D:4-7

Altars:
Dithmenos
Kikubaaqudgha
Nemelex Xobeh
Okawaru
Uskayaw

Shops:
D:1 !*


Innate Abilities, Weirdness & Mutations

You have a pair of horns on your head.
You reflexively headbutt those who attack you in melee.


Message History

The howler monkey closely misses you. The hound closely misses you.
You furiously retaliate!
You headbutt the hound. The hound bites you but does no damage.
The howler monkey barely misses you. You furiously retaliate!
You headbutt the howler monkey. The hound bites you.
You barely miss the hound.
The hound is almost dead.
The hound closely misses you. You furiously retaliate!
You headbutt the hound!
You kill the hound!
The hound bites you but does no damage. The howler monkey barely misses you.
You furiously retaliate!
You headbutt the howler monkey! The hound bites you but does no damage.
The howler monkey hoots and howls with incredible vigour!
You hear a shout! x3
Unknown command.
You slice the howler monkey!!
You kill the howler monkey!
The hound closely misses you. You furiously retaliate!
You headbutt the hound, but do no damage.
The hound bites you but does no damage. x2
You hit the hound.
You kill the hound!
An ogre comes into view. It is wielding a +0 giant spiked club.
The ogre shouts!
Something unseen opens the huge gate.
A gnoll sergeant, an orc and a howler monkey zombie come into view.
The orc shouts!
The ogre hits you with a +0 giant spiked club!
An orc comes into view. It is wielding a +0 dagger.
The howler monkey zombie moves out of view.
You hit the ogre but do no damage.
The ogre hits you with a +0 giant spiked club!
* * * LOW HITPOINT WARNING * * *
You slash the ogre! You headbutt the ogre!
The ogre is heavily wounded.
The ogre barely misses you.
The orc yells repeatedly, in orcish tradition.
The ogre hits you with a +0 giant spiked club!
* * * LOW HITPOINT WARNING * * *
The ogre hits you with a +0 giant spiked club!
You die...

≈....≈≈≈≈≈≈≈≈≈≈
≈...o≈≈≈≈≈≈≈≈≈≈
...............
......o..#
#######Z## ###
##g## ..# ##.o)##
#.# ##..O..####.#
#....@......#
##.....####.#
##...## #.# ##.##
#.# ##### ### #.#
......#########.#
#..<....[...#
#..#######..# #..
#.##


You could see an ogre, a gnoll sergeant, 2 orcs and a howler monkey zombie.

Vanquished Creatures
  A centaur zombie (D:6)
  Sigmund (D:4)
  A water moccasin (D:5)
  A sky beast (D:5)
  A water moccasin skeleton (D:5)
  2 howler monkeys (D:6)
  2 hounds (D:6)
  An orc priest (D:4)
  A jelly (D:3)
  A centaur skeleton (D:5)
  2 iguanas
  An orc wizard (D:5)
  3 adders
  A worm (D:4)
  2 dart slugs
  10 orcs
  6 ball pythons
  2 endoplasms (D:1)
  2 giant cockroaches
  8 goblins
  6 hobgoblins
  4 kobolds
  3 quokkas
  4 bats
  3 frilled lizards (D:1)
  8 rats
77 creatures vanquished.

Notes
Turn   | Place    | Note
-------+----------+-------------------------------------------
     0 | D:1      | Universalshroom the Minotaur Fighter began the quest for
                  | the Orb.
     0 | D:1      | Reached XP level 1. HP: 19/19 MP: 0/0
    87 | D:1      | Found Wuosalyts's Distillery.
   123 | D:1      | Reached XP level 2. HP: 25/27 MP: 1/1
   170 | D:1      | Reached skill level 4 in Armour
   473 | D:1      | Found Emapemn's General Store.
   871 | D:2      | Reached XP level 3. HP: 29/33 MP: 2/2
   889 | D:2      | Found a faded altar of an unknown god.
  1766 | D:3      | Found a sparkling altar of Nemelex Xobeh.
  1766 | D:3      | Found an iron altar of Okawaru.
  1768 | D:3      | Found a shadowy altar of Dithmenos.
  1788 | D:3      | Found a hide-covered altar of Uskayaw.
  2560 | D:3      | Reached XP level 4. HP: 14/40 MP: 3/3
  3148 | D:4      | Reached skill level 1 in Stealth
  3148 | D:4      | Reached XP level 5. HP: 29/47 MP: 4/4
  3374 | D:4      | Found an ancient bone altar of Kikubaaqudgha.
  3383 | D:4      | Noticed Sigmund
  3912 | D:4      | Killed Sigmund
  3913 | D:4      | Reached skill level 5 in Axes
  3913 | D:4      | Reached skill level 5 in Armour
  3913 | D:4      | Reached XP level 6. HP: 34/53 MP: 5/5
  4340 | D:5      | Entered Level 5 of the Dungeon
  4351 | D:5      | Noticed a water moccasin
  4368 | D:5      | Killed a water moccasin
  4789 | D:5      | Noticed a sky beast
  4800 | D:5      | Killed a sky beast
  4801 | D:5      | Reached XP level 7. HP: 48/60 MP: 6/6
  5014 | D:5      | Reached skill level 6 in Armour
  5139 | D:5      | Reached skill level 5 in Fighting
  5139 | D:5      | Reached skill level 1 in Polearms
  5139 | D:5      | Reached skill level 1 in Dodging
  5230 | D:6      | Noticed an angel
  5235 | D:6      | Reached skill level 7 in Armour
  5257 | D:6      | Reached XP level 8. HP: 42/68 MP: 7/7
  5266 | D:6      | HP: 1/68 [ogre (16)]
  5272 | D:6      | Mangled by an ogre

Illustrated notes

Levels and vault maps discovered:
D:1:      minmay_arrival_hallway, layout_basic, serial_shops,
          nicolae_shop_trees, shop, minmay_misc_feat_nine_boxes, minmay_cut_off
D:2:      layout_loops_ring, ebering_ecumenical_altar_abandoned
D:3:      layout_basic, nicolae_overflow_quartered_altars, skrybe_limestone_x
D:4:      layout_loops_ring, lemuel_tele_altar, uniq_sigmund
D:5:      layout_cave_pools, serial_column_ruins, column_ruins_square_medium,
          column_ruins_hut, column_ruins_columns_T, column_ruins_columns_corner,
          column_ruins_open_small, column_ruins_grid_4, minmay_misc_feat_doors,
          due_unseen_surprise
D:6:      lemuel_castle_with_subvaults [lemuel_castle_interior_carwin_3],
          layout_loops_ring, grunt_temple_overflow_order_and_chaos_1,
          minmay_temple_entry_arrows, uniq_eustachio, uniq_maggie, uniq_grinder

Skill      XL: |  1  2  3  4  5  6  7 |
---------------+----------------------+-----
Armour         | 4 5 7 |  7.3
Shields        | 4 |  4.6
Axes           | 3 4 5 6 |  6.6
Fighting       | 4 5 |  5.3
Stealth        | 1 |  1.6
Polearms       | 3 |  3.7
Dodging        | 1 |  1.6

Action                   |  1- 3 |  4- 6 |  7- 9 || total
-------------------------+-------+-------+-------++-------
Melee: War axe           |   107 |    47 |       ||   154
       Headbutt          |    12 |    11 |     5 ||    28
       Scythe            |       |    24 |    34 ||    58
  Use: Potion            |     2 |     1 |     1 ||     4
       Scroll            |     2 |     2 |       ||     4
Armor: Scale mail        |    38 |       |       ||    38
       Chain mail        |    21 |    65 |    50 ||   136
       Skin              |       |     1 |       ||     1
Dodge: Dodged            |    44 |    50 |    45 ||   139
Block: Buckler           |    26 |     9 |       ||    35

Table legend: (Time is in decaauts)
 A = Elapsed time spent in this place.
 B = Non-inter-level travel time spent in this place.
 C = Inter-level travel time spent in this place.
 D = Time resting spent in this place.
 E = Time spent auto-exploring this place.
 F = Levels seen in this place.
 G = Mean time per level.
                   A        B        C        D        E       F      G
               +--------+--------+--------+--------+--------+-----+--------+
         Total |   5367 |   5354 |     13 |    962 |      0 |   6 |  894.5 |
       Dungeon |   5367 |   5354 |     13 |    962 |      0 |   6 |  894.5 |
               +--------+--------+--------+--------+--------+-----+--------+

Top non-repeatable levels by time:
     D:3: 1652 daAuts
     D:4: 1195 daAuts
     D:5: 909 daAuts
     D:1: 881 daAuts
     D:2: 660 daAuts
     D:6: 67 daAuts
